 Dungeon Crawl Stone Soup version 0.32-a0-576-g706899e69d (webtiles) character file.

Game seed: 4986245561985519369

4352 nikkithebee the Carver (level 10, 0/74 HPs)
             Began as a Formicid Fighter on Mar 2, 2024.
             Was a Priest of Makhleb.
             Slain by a wyvern (2 damage)
             ... on level 9 of the Dungeon.
             The game lasted 00:41:05 (8140 turns).

nikkithebee the Carver (Formicid Fighter)           Turns: 8140, Time: 00:41:05

Health: 0/74       AC: 14    Str: 24    XL:     10   Next: 59%
Magic:  10/10      EV: 13    Int:  9    God:    Makhleb [***...]
Gold:   211        SH:  6    Dex: 15    Spells: 9/9 levels left

rFire   . . .        T - +2 great sword (flame)
rCold   . . .        c - +0 buckler
rNeg    . . .        e - +0 plate armour
rPois   +            (helmet unavailable)
rElec   +            (no cloak)
rCorr   +            J - +0 pair of gloves
SInv    +            (no boots)
Will    +....        (no amulet) Stlth
                     r - +5 ring of evasion
HPRegen 0.32/turn    F - ring of Ufivuedu {rElec rPois rCorr Str+2 SInv}
MPRegen 0.12/turn

%: no passive effects
@: no status effects
A: permanent stasis, dig shafts and tunnels, antennae 3, four strong arms
a: Dig, Shaft Self, Renounce Religion, Minor Destruction, Lesser Servant of
Makhleb


You were on level 9 of the Dungeon.
You worshipped Makhleb.
Makhleb was most pleased with you.
You visited 2 branches of the dungeon, and saw 10 of its levels.
You also visited: Ossuary.

You collected 542 gold pieces.
You spent 331 gold pieces at shops.

Inventory:

Hand Weapons
 a - a +5 falchion
 j - a +4 halberd
 s - a +3 long sword
 T - a +2 great sword of flaming (weapon)
 V - a +3 spear
 W - a +3 long sword of freezing
 Z - a +4 shortbow
Missiles
 b - 34 stones
 h - 3 boomerangs
 t - 21 poisoned darts (quivered)
 u - 6 javelins
 E - a curare-tipped dart
Armour
 c - a +0 buckler (worn)
 e - a +0 plate armour (worn)
 J - a +0 pair of gloves (worn)
 L - an orb of wrath
Magical Staves
 M - a staff of cold
Jewellery
 r - a +5 ring of evasion (left hand)
 F - the ring of Ufivuedu (right hand) {rElec rPois rCorr Str+2 SInv}
   (You found it on level 6 of the Dungeon)

   [ring of see invisible]

   Str+2:     It affects your strength (+2).
   rElec:     It insulates you from electricity.
   rPois:     It protects you from poison.
   SInv:      It lets you see invisible.
   rCorr:     It protects you from acid and corrosion.
 X - a +6 ring of intelligence
Wands
 x - a wand of roots (17)
 z - a wand of charming (14)
 C - a wand of flame (7)
 G - a wand of mindburst (9)
 Y - a wand of polymorph (5)
Scrolls
 g - 3 scrolls of enchant armour {unknown}
 i - a scroll of summoning {unknown}
 k - a scroll of silence {unknown}
 m - 9 scrolls of teleportation
 o - a scroll of noise {unknown}
 q - 2 scrolls of immolation
 w - 4 scrolls of blinking
 y - 3 scrolls of amnesia {unknown}
 D - a scroll of identify
 H - 2 scrolls of enchant weapon {unknown}
 I - a scroll of revelation {unknown}
 P - a scroll of fog {unknown}
 Q - a scroll of acquirement {unknown}
 R - a scroll of vulnerability {unknown}
Potions
 d - 4 potions of might
 f - a potion of resistance
 l - a potion of curing
 n - a potion of brilliance
 p - a potion of invisibility {unknown}
 v - 2 potions of enlightenment
 A - 2 potions of attraction
 K - 2 potions of cancellation
 N - 2 potions of haste
 O - a potion of berserk rage {unknown}
 U - a potion of lignification {unknown}


   Skills:
 + Level 5.4 Fighting
 * Level 10.1 Long Blades
 - Level 2.4 Polearms
 * Level 6.4 Armour
 * Level 4.1 Dodging
 * Level 6.2 Stealth
 * Level 7.6 Shields


You had 9 spell levels left.
You didn't know any spells.
Your spell library contained the following spells:

 Spells                   Type           Power      Damage    Failure   Level
 Magic Dart               Conj           0%         1d3       100%        1
 Necrotise                Necr           0%         1d4       100%        1
 Sandblast                Erth           0%         2d4       100%        1
 Call Imp                 Summ           0%         N/A       100%        2
 Mercury Vapours          Alch/Air       0%         N/A       100%        2
 Searing Ray              Conj           0%         2d4       100%        2
 Frozen Ramparts          Ice            0%         1d1       100%        3
 Gell's Gravitas          Tloc           0%         N/A       100%        3
 Mephitic Cloud           Conj/Alch/Air  0%         N/A       100%        3
 Ozocubu's Armour         Ice            0%         N/A       100%        3
 Passwall                 Erth           0%         N/A       100%        3
 Stone Arrow              Conj/Erth      0%         3d7       100%        3
 Teleport Other           Tloc           0%         N/A       100%        3
 Vampiric Draining        Necr           0%         2d6       100%        3
 Animate Armour           Summ/Erth      0%         N/A       100%        4
 Brom's Barrelling Bould  Conj/Erth      0%         2d3       100%        4
 Fulminant Prism          Conj/Alch      0%         3d5       100%        4
 Leda's Liquefaction      Alch/Erth      0%         N/A       100%        4
 Martyr's Knell           Necr/Summ      0%         N/A       100%        4
 Petrify                  Alch/Erth      0%         N/A       100%        4
 Curse of Agony           Necr           0%         N/A       100%        5
 Freezing Cloud           Conj/Ice/Air   0%         6-21      100%        5
 Metabolic Englaciation   Hex/Ice        0%         N/A       100%        5
 Dispersal                Tloc           0%         N/A       100%        6
 Sculpt Simulacrum        Ice/Alch       0%         N/A       100%        6
 Ozocubu's Refrigeration  Ice            0%         4d7       100%        7
 Lehudib's Crystal Spear  Conj/Erth      0%         10d2      100%        8
 Polar Vortex             Ice            0%         N/A       100%        9
 Blink                    Tloc           Unusable   N/A       N/A         2

Dungeon Overview and Level Annotations

Branches:
Dungeon (9/15)             Temple (1/1) D:4         Ossuary (visited)
   Lair: D:8-11         Orc: D:9-12

Altars:
Cheibriados
Dithmenos
Elyvilon
Fedhas
Gozag
Hepliaklqana
Kikubaaqudgha
Makhleb
Nemelex Xobeh
Okawaru
Qazlal
Ru
Sif Muna
Trog
Uskayaw
Vehumet
Wu Jian
Xom
Yredelemnul
The Shining One

Shops:
D:6 (

Portals:
Bailey: D:9


Innate Abilities, Weirdness & Mutations

You cannot be hasted, slowed, berserked, paralysed or teleported.
You can dig through walls and to a lower floor.
You have a pair of large antennae on your head. (SInv)
Your four strong arms can wield two-handed weapons with a shield.


Message History

The orc warrior barely misses you. The steam dragon barely misses you.
The steam dragon misses you.
You feel better.
You are engulfed in a cloud of scalding steam.
The howler monkey hoots and howls with incredible vigour!
The orc warrior hits you from afar with a +0 trident!
* * * LOW HITPOINT WARNING * * *
The steam dragon misses you. You block the steam dragon's attack.
You hear a shout! x2
You feel better.
You are engulfed in a cloud of scalding steam.
The wyvern is engulfed in a cloud of scalding steam.
You block the orc warrior's attack. The steam dragon breathes steam at you.
The ball of steam hits you!
* * * LOW HITPOINT WARNING * * *
You are engulfed in a cloud of scalding steam.
You hear the creaking of a portcullis nearby.
You are engulfed in a cloud of scalding steam.
* * * LOW HITPOINT WARNING * * *
The steam dragon bites you but does no damage.
The steam dragon completely misses you.
You feel better.
You are engulfed in a cloud of scalding steam.
* * * LOW HITPOINT WARNING * * *
The wyvern is engulfed in a cloud of scalding steam.
The steam dragon bites you but does no damage.
The steam dragon closely misses you.
The wyvern is engulfed in a cloud of scalding steam.
Okay, then.
The steam dragon attacks as it pursues you!
You block the steam dragon's attack. The steam dragon claws you.
* * * LOW HITPOINT WARNING * * *
The howler monkey hoots and howls with incredible vigour!
You hear a shout!
The steam dragon attacks as it pursues you!
The steam dragon barely misses you. The steam dragon claws you.
* * * LOW HITPOINT WARNING * * *
You open the door. The wyvern bites you.
You die...

###.[...###########.# #.....#
########.##...(#
#.....##...........+..$.+
#......>.####.....##....#
#.....#### #.....##....# #.....#
#.....##....# #..####
#.....##....#,#
###.###########.D...##....#.##.#
##>............'@k..h.o...)......
#....####......#.....#######.##..
#....'.##......##....# ,#
#.[..#.##......##....#
##...#[##......##......
#.#.#.........##...####
#.#.####.###########
#.#.#<..).....# #.#.#.........#
#######.


You could see a steam dragon, an orc warrior, a wyvern and a howler monkey.

Vanquished Creatures
  Pikel (D:6)
  A hornet (D:8)
  A wyvern (D:8)
  An acid dragon (D:8)
  A black bear (D:6)
  2 ice beasts (D:8)
  A sky beast (D:6)
  3 ogres
  3 lemures (D:6)
  2 centaurs
  2 kobold brigands
  A brain worm (D:4)
  2 bullfrogs
  2 scorpions (D:5)
  14 wights
  9 killer bees (D:8)
  2 howler monkeys
  A crimson imp (D:7)
  A bombardier beetle (D:6)
  4 bullfrog zombies (Ossuary)
  2 jellies
  2 orc priests
  2 hounds
  3 iguanas
  3 orc wizards
  3 killer bee zombies (Ossuary)
  A crocodile zombie (Ossuary)
  5 hound zombies (Ossuary)
  6 mummies (Ossuary)
  4 howler monkey zombies (Ossuary)
  4 gnolls (D:4)
  6 adders
  4 shadow imps
  2 white imps
  2 ufetubi (D:6)
  4 dart slugs
  2 ribbon worms
  20 orcs
  5 endoplasms
  2 giant cockroaches
  11 goblins
  6 hobgoblins
  3 jackals (D:4)
  2 quokkas
  9 ball pythons
  3 ball python zombies (Ossuary)
  4 bats
  2 frilled lizards
  18 kobolds
  5 rats
  A butterfly (D:4)
200 creatures vanquished.

Notes
Turn   | Place    | Note
-------+----------+-------------------------------------------
     0 | D:1      | nikkithebee the Formicid Fighter began the quest for the
                  | Orb.
     0 | D:1      | Reached XP level 1. HP: 18/18 MP: 1/1
   166 | D:1      | Reached XP level 2. HP: 24/24 MP: 2/2
   607 | D:1      | Reached XP level 3. HP: 27/28 MP: 3/3
  1329 | D:3      | Found a radiant altar of Vehumet.
  1386 | D:3      | Reached XP level 4. HP: 33/36 MP: 4/4
  1791 | D:3      | Found a faded altar of an unknown god.
  2353 | D:4      | Reached skill level 1 in Long Blades
  2353 | D:4      | Reached skill level 1 in Stealth
  2357 | D:4      | Reached XP level 5. HP: 36/42 MP: 5/5
  2531 | D:4      | Found a staircase to the Ecumenical Temple.
  2550 | Temple   | Entered the Ecumenical Temple
  2795 | Temple   | Became a worshipper of Makhleb the Destroyer
  2976 | D:4      | Found a shimmering altar of Xom.
  2976 | D:4      | Noticed a brain worm
  2984 | D:4      | Killed a brain worm
  2985 | D:4      | Reached skill level 2 in Long Blades
  2985 | D:4      | Reached skill level 1 in Dodging
  2985 | D:4      | Reached XP level 6. HP: 20/48 MP: 4/6
  3223 | D:4      | Found a blossoming altar of Fedhas.
  3292 | D:5      | Entered Level 5 of the Dungeon
  3305 | D:5      | Reached skill level 3 in Long Blades
  3305 | D:5      | Reached skill level 5 in Shields
  3319 | D:5      | Noticed an ogre
  3381 | D:5      | Killed an ogre
  3382 | D:5      | Reached XP level 7. HP: 41/54 MP: 7/7
  3468 | D:5      | Reached skill level 4 in Long Blades
  3539 | D:5      | Reached * piety under Makhleb
  4215 | D:6      | Reached skill level 5 in Long Blades
  4215 | D:6      | Reached XP level 8. HP: 55/61 MP: 8/8
  4281 | D:6      | Identified the ring of Ufivuedu {rElec rPois rCorr Str+2
                  | SInv}
  4412 | D:6      | Noticed Pikel
  4419 | D:6      | Killed Pikel
  4420 | D:6      | Reached skill level 6 in Long Blades
  4552 | D:6      | Found Esearim's Hydra Hut.
  4569 | D:6      | Reached XP level 9. HP: 25/66 MP: 9/9
  4578 | D:6      | Reached skill level 7 in Long Blades
  4578 | D:6      | Reached skill level 5 in Armour
  4719 | D:6      | Noticed a five-headed hydra
  4773 | D:6      | Found a hazy altar of Hepliaklqana.
  4929 | D:6      | Found a white marble altar of Elyvilon.
  5039 | D:6      | Found a sacrificial altar of Ru.
  5700 | D:7      | Found a sand-covered staircase.
  5705 | Ossuary  | Entered an ossuary
  5771 | Ossuary  | Reached ** piety under Makhleb
  5872 | Ossuary  | Reached skill level 5 in Stealth
  5937 | Ossuary  | Reached skill level 8 in Long Blades
  6283 | D:6      | Bought a +2 great sword of flaming for 331 gold pieces
  6885 | D:8      | Reached skill level 5 in Fighting
  7163 | D:8      | Reached XP level 10. HP: 67/74 MP: 10/10
  7170 | D:8      | Reached skill level 9 in Long Blades
  7313 | D:8      | Found a hide-covered altar of Uskayaw.
  7373 | D:8      | Reached *** piety under Makhleb
  7862 | D:9      | Reached skill level 10 in Long Blades
  7900 | D:9      | Found a flagged portal.
  8128 | D:9      | HP: 3/74 [steam dragon (1)]
  8134 | D:9      | HP: 1/74 [steam dragon] (4)]
  8139 | D:9      | HP: 2/74 [steam dragon (1)]
  8140 | D:9      | Slain by a wyvern

Illustrated notes

Levels and vault maps discovered:
D:1:      tarquinn_simple_flora_water_e, layout_basic
D:2:      layout_basic
D:3:      layout_loops_corners, amcnicky_altar_gilded,
          hellmonk_ecumenical_altar_leap_of_faith, serial_park_tiny_pond
D:4:      layout_basic, mainiacjoe_overflow_alcove_1, xom_butterflies,
          minmay_temple_entry_offerings
D:5:      layout_rooms
D:6:      wander_river, layout_loops_ring, nicolae_overflow_hidden_temple,
          mainiacjoe_overflow_swirl, doesnt_shop_hydraphobe, uniq_pikel
D:7:      layout_basic, enter_ossuary_2, minmay_fire_ice_demons
D:8:      layout_basic, nicolae_uskayaw_dance_hall
D:9:      minmay_general_purpose_star, layout_basic, enter_bailey_5
Temple:   nicolae_temple_figure_eight

Skill      XL: |  1  2  3  4  5  6  7  8  9 10 |
---------------+-------------------------------+-----
Armour         | 4 5 6 |  6.4
Long Blades    | 1 2 3 5 6 8 10 | 10.1
Stealth        | 1 2 3 4 5 6 |  6.2
Fighting       | 4 5 |  5.4
Dodging        | 1 2 3 4 |  4.1
Shields        | 5 6 7 |  7.6
Polearms       | |  2.4

Action                     |  1- 3 |  4- 6 |  7- 9 | 10-12 || total
---------------------------+-------+-------+-------+-------++-------
  Melee: Trident           |   101 |       |       |       ||   101
         Long sword        |     9 |    93 |   391 |       ||   493
         Great sword       |       |       |    51 |   118 ||   169
  Throw: Dart              |       |       |     6 |     3 ||     9
Ability: Dig               |     1 |       |       |       ||     1
    Use: Scroll            |       |     5 |     5 |     1 ||    11
         Potion            |       |       |       |     7 ||     7
 Armour: Plate armour      |    89 |    66 |   285 |   129 ||   569
  Dodge: Dodged            |    26 |    28 |   236 |   114 ||   404
  Block: Buckler           |    18 |    21 |   122 |    40 ||   201

Table legend: (Time is in decaauts)
 A = Elapsed time spent in this place.
 B = Non-inter-level travel time spent in this place.
 C = Inter-level travel time spent in this place.
 D = Time resting spent in this place.
 E = Time spent auto-exploring this place.
 F = Levels seen in this place.
 G = Mean time per level.
                   A        B        C        D        E       F      G
               +--------+--------+--------+--------+--------+-----+--------+
         Total |   8334 |   7452 |    882 |      0 |   4789 |  11 |  757.6 |
       Dungeon |   7656 |   7022 |    634 |      0 |   4789 |   9 |  850.7 |
        Temple |    270 |     22 |    248 |      0 |      0 |   1 |  270.0 |
       Ossuary |    407 |    407 |      0 |      0 |      0 |   1 |  407.0 |
               +--------+--------+--------+--------+--------+-----+--------+

Top non-repeatable levels by time:
     D:6: 1314 daAuts
     D:7: 1076 daAuts
     D:8: 1058 daAuts
     D:3: 939 daAuts
     D:4: 847 daAuts
     D:5: 829 daAuts
     D:1: 670 daAuts
     D:2: 611 daAuts
 Ossuary: 407 daAuts
     D:9: 310 daAuts
  Temple: 270 daAuts
